 Dungeon Crawl Stone Soup version 0.19-a0-1613-g7c9bbd0 (webtiles) character file.

91 FrankyJ the Grasshopper (level 4, 0/31 HPs)
             Began as a Halfling Warper on Sept 17, 2016.
             Succumbed to a scorpion's poison
             ... on level 2 of the Dungeon.
             The game lasted 00:11:07 (2893 turns).

FrankyJ the Grasshopper (Halfling Warper)           Turns: 2893, Time: 00:11:07

Health: 0/31       AC:  4    Str: 13    XL:     4   Next: 87%
Magic:  1/7        EV: 14    Int: 11    God:
Gold:   145        SH:  0    Dex: 13    Spells: 2 memorised, 4 levels left

rFire  . . .     SeeInvis .     a - +0 short sword
rCold  . . .     Gourm    .     b - +0 leather armour
rNeg   . . .     Faith    .     (shield restricted)
rPois  .         Spirit   .     (no helmet)
rElec  .         Dismiss  .     (no cloak)
rCorr  .         Reflect  .     g - +0 pair of gloves
MR     .....     Harm     .     (no boots)
Stlth  +.........               (no amulet)
                                (no ring)
                                (no ring)

@: lethally poisoned (0 -> -8)
A: mutation resistance 1
a: no special abilities


You were on level 2 of the Dungeon.
You were not hungry.

You visited 1 branch of the dungeon, and saw 2 of its levels.

You collected 145 gold pieces.

Inventory:

Hand Weapons
 a - a +0 short sword (weapon)
 o - a +0 hunting sling
Missiles
 e - 5 tomahawks of dispersal (quivered)
 j - 7 stones
 n - 24 sling bullets
Armour
 b - a +0 leather armour (worn)
 g - a +0 pair of gloves (worn)
Jewellery
 m - an uncursed ring of protection from fire {unknown}
Scrolls
 d - a scroll of blinking
 h - 2 scrolls of enchant armour {unknown}
 i - a scroll of immolation {unknown}
 k - 2 scrolls of enchant weapon {unknown}
 r - 3 scrolls of identify {unknown}
 s - a scroll of fog {unknown}
 t - a scroll of fear {unknown}
 u - a scroll of recharging {unknown}
 y - a scroll of magic mapping {unknown}
Potions
 l - 4 potions of curing
 p - a potion of cure mutation {unknown}
 q - a potion of agility {unknown}
 v - a potion of haste {unknown}
 x - a potion of lignification {unknown}
 z - a potion of heal wounds {unknown}
 A - a potion of degeneration {unknown}
 B - 2 potions of magic {unknown}
 C - a potion of brilliance {unknown}
Books
 c - a book of Spatial Translocations

   Spells                             Type                      Level
   a - Apportation                    Translocation                1
   b - Blink                          Translocation                2
   c - Shroud of Golubria             Charms/Translocation         2
   d - Portal Projectile              Translocation                3
   e - Teleport Other                 Translocation                3
   f - Passage of Golubria            Translocation                4
Comestibles
 f - 4 bread rations


   Skills:
 - Level 3.0 Fighting
 - Level 3.0 Short Blades
 * Level 1.9(2.2) Slings
 - Level 1.0(1.2) Throwing
 - Level 1.1 Armour
 - Level 2.1 Dodging
 + Level 2.3 Spellcasting
 - Level 3.2 Translocations


You had 4 spell levels left.
You knew the following spells:

 Your Spells              Type           Power        Failure   Level  Hunger
a - Apportation           Tloc           #.........   12%         1    ##.....
b - Blink                 Tloc           N/A          17%         2    ###....


Dungeon Overview and Level Annotations

Branches:
Dungeon (2/15)

Altars:


Innate Abilities, Weirdness & Mutations

You are small and have problems with some larger weapons.
You are somewhat resistant to further mutation.


Message History

The scorpion is lightly wounded.
You feel sick. The scorpion barely misses you.
You hit the scorpion but do no damage.
The scorpion is lightly wounded.
You feel sick. The scorpion misses you.
You barely miss the scorpion.
The scorpion is lightly wounded.
You feel sick. The scorpion barely misses you.
You hit the scorpion.
The scorpion is moderately wounded.
You feel sick. The scorpion stings you.
* * * LOW HITPOINT WARNING * * *
You hit the scorpion but do no damage.
The scorpion is moderately wounded.
The scorpion stings you.
* * * LOW HITPOINT WARNING * * *
Casting: Blink
Confirm with . or Enter, or press ? or * to list all spells.
You don't have enough magic to cast that spell.
You die...

.#####...........................
.........###....#...#..#.##.....#
.....#..####.....................
................#.#....#.##...#.#
........####....#.#....#.##......
................#.#....#)##.#.#.#
.......................#.##.#.#.#
.######.##.##...###....#.##.#....
.# #.##....s.@...........###.# .#
#.##..#............##.# #.# .#
#.##..#...###.)..####.###.# .#
#.........................# .#
####..#.................... .#
#......#.#########.##### .#
#..##....# #.# #..###.### #.#
#### ### ###


You could see a scorpion.

Vanquished Creatures
  2 adders (D:2)
  2 worms (D:2)
  A dart slug (D:1)
  3 leopard geckos
  3 giant cockroaches
  7 goblins
  9 hobgoblins
  7 jackals
  2 quokkas (D:2)
  7 bats
  4 frilled lizards
  7 kobolds
  6 rats
60 creatures vanquished.

Notes
Turn   | Place    | Note
-------+----------+-------------------------------------------
     0 | D:1      | FrankyJ the Halfling Warper began the quest for the Orb.
     0 | D:1      | Reached XP level 1. HP: 14/14 MP: 3/3
   323 | D:1      | Reached XP level 2. HP: 14/19 MP: 4/4
  1053 | D:1      | Reached XP level 3. HP: 20/24 MP: 5/5
  1193 | D:1      | Learned a level 2 spell: Blink
  2103 | D:2      | Reached XP level 4. HP: 29/30 MP: 7/7
  2206 | D:2      | Reached skill level 1 in Slings
  2892 | D:2      | HP: 1/31 [scorpion (4)]
  2893 | D:2      | Succumbed to a scorpion's poison

Vault maps used:
D:1:      kilobyte_arrival_exit_the_forest
D:2:      minmay_joined_circles

Skill      XL: |  1  2  3  4 |
---------------+-------------+-----
Fighting       | 2 3 |  3.0
Spellcasting   | 2 |  2.3
Short Blades   | 3 |  3.0
Slings         | 1 |  1.9
Throwing       | |  1.0
Armour         | |  1.1
Dodging        | |  2.1
Translocations | |  3.2

Action                   |  1- 3 |  4- 6 || total
-------------------------+-------+-------++-------
Melee: Short sword       |   138 |    49 ||   187
 Fire: Hunting sling     |    25 |    69 ||    94
 Cast: Blink             |     1 |     8 ||     9
       Apportation       |     1 |       ||     1
  Use: Potion            |     2 |       ||     2
  Eat: Chunk             |     4 |     3 ||     7
Armor: Leather armour    |    54 |    16 ||    70
Dodge: Dodged            |   120 |    31 ||   151
